 Dungeon Crawl Stone Soup version 0.24-a0-269-g32ec7ca (webtiles) character file.

Game seed: 5216244710830330804

45 mortelune the Firebug (level 3, -3/28 HPs)
             Began as a Draconian Fire Elementalist on Apr 20, 2019.
             Slain by a worker ant (6 damage)
             ... on level 1 of the Dungeon on Apr 22, 2019.
             The game lasted 00:07:34 (1674 turns).

mortelune the Firebug (Draconian Fire Elementalist) Turns: 1674, Time: 00:07:35

Health: -3/28      AC:  5    Str: 10    XL:     3   Next: 42%
Magic:  0/6        EV: 12    Int: 16    God:
Gold:   55         SH:  0    Dex: 11    Spells: 0/6 levels left

rFire    . . .     SeeInvis .   f - +0 short sword
rCold    . . .     Gourm    .   (no shield)
rNeg     . . .     Faith    .   (armour unavailable)
rPois    .         Spirit   .   (helmet restricted)
rElec    .         Reflect  .   (no cloak)
rCorr    .         Harm     .   (no gloves)
MR       .....                  (no boots)
Stlth    ++........             (no amulet)
HPRegen  0.09/turn              (no ring)
MPRegen  0.10/turn              (no ring)

@: no status effects
A: unfitting armour, cold-blooded, AC +5
a: no special abilities


You were on level 1 of the Dungeon.
You were hungry.

You visited 1 branch of the dungeon, and saw 2 of its levels.

You collected 55 gold pieces.

Inventory:

Hand Weapons
 e - a +0 dagger
 f - a +0 short sword (weapon)
Scrolls
 a - a scroll of noise {unknown}
 d - 2 scrolls of identify {unknown}
 g - a scroll of magic mapping {unknown}
 h - 2 scrolls of remove curse {unknown}
 j - a scroll of amnesia {unknown}
Potions
 c - a potion of haste {unknown}
 i - a potion of degeneration {unknown}
 k - a potion of ambrosia {unknown}
 l - a potion of flight {unknown}
Comestibles
 b - 5 rations
 m - 5 chunks of flesh


   Skills:
 + Level 1.3 Fighting
 - Level 1.7 Dodging
 - Level 1.7 Stealth
 + Level 2.3 Spellcasting
 * Level 2.2 Conjurations
 + Level 3.3 Fire Magic


You couldn't memorise any spells.
You knew the following spells:

 Your Spells              Type           Power        Failure   Level  Hunger
a - Flame Tongue          Conj/Fire      ##...        6%          1    #......
b - Throw Flame           Conj/Fire      ##....       10%         2    ###....
c - Conjure Flame         Conj/Fire      ##......     19%         3    ###....

Your spell library contained the following spells:

 Spells                   Type           Power        Failure   Level  Hunger
 Inner Flame              Hex/Fire       #.......     30%         3    ###....
 Sticky Flame             Conj/Fire      ##......     54%         4    #####..
 Fireball                 Conj/Fire      ##........   87%         5    ######.


Dungeon Overview and Level Annotations

Branches:
Dungeon (2/15)

Altars:


Innate Abilities, Weirdness & Mutations

Your plain brown scales are hard. (AC +5)
You cannot fit into any form of body armour.
You are cold-blooded and may be slowed by cold attacks.


Message History

The flame tongue hits the adder!
The adder is severely wounded.
The adder barely misses you.
Casting: Flame Tongue (safe; 7% risk of failure)
Confirm with . or Enter, or press ? or * to list all spells.
Aiming: Flame Tongue (safe; 7% risk of failure)
Press: ? - help, Shift-Dir - straight line, f/p - adder
Aim: an adder (severely wounded)
The flame tongue hits the adder.
You kill the adder!
You feel sick.
You open the door. The worker ant bites you.
* * * LOW HITPOINT WARNING * * *
The worker ant bites you.
* * * LOW HITPOINT WARNING * * *
There is an open door, spattered with blood here.
You feel sick.
You are no longer poisoned.
The worker ant bites you.
You die...

#.# ##...## #...##..# #.# ##.##
#.......# #.# #.# ##...#.## #.#
#.# #.....# #.# ##+## ###.### #.#
##...## #.# ####.#### ##.....##
#.## ........# ##.......## #..##
(###....####....@....####...#####
.# #.......+....a....'...........
.# #.....###.........#......#####
.# #...#.# ##.......##.##...# .#
###...# ##.....###.##.#.# .#
##.## ##...## #.##.#.###
.######.# ##'## #.##.....#
........# #.# #.####)#.#
#######.# ####†### #.# #.#.###


You could see a worker ant.

Vanquished Creatures
  2 adders
  A dart slug (D:2)
  A ball python (D:1)
  3 bats
  A giant cockroach (D:2)
  6 goblins
  3 hobgoblins
  2 frilled lizards
  3 kobolds
  2 rats (D:2)
24 creatures vanquished.

Notes
Turn   | Place    | Note
-------+----------+-------------------------------------------
     0 | D:1      | mortelune the Draconian Fire Elementalist began the quest
                  | for the Orb.
     0 | D:1      | Reached XP level 1. HP: 14/14 MP: 3/3
   589 | D:1      | Reached XP level 2. HP: 22/22 MP: 3/5
   593 | D:1      | Learned a level 2 spell: Throw Flame
   933 | D:1      | Upgraded the game from 0.24-a0-264-gf46a388 to
                  | 0.24-a0-269-g32ec7ca
  1236 | D:2      | Reached skill level 1 in Fighting
  1358 | D:2      | Reached XP level 3. HP: 28/28 MP: 3/6
  1363 | D:2      | Learned a level 3 spell: Conjure Flame
  1674 | D:1      | Slain by a worker ant

Levels and vault maps discovered:
D:1:      lightli_arrival_isolated_outpost, layout_loops_corners
D:2:      minmay_evil_eye, layout_basic, nicolae_overflow_crystal_walls,
          grunt_temple_overflow_open

Skill      XL: |  1  2 |
---------------+-------+-----
Fighting       | 1 |  1.3
Conjurations   | 2 |  2.2
Dodging        | |  1.7
Stealth        | |  1.7
Spellcasting   | |  2.3
Fire Magic     | |  3.3

Action                   || total
-------------------------++-------
Melee: Short sword       ||     2
       Tailslap          ||     1
 Cast: Flame Tongue      ||    33
       Throw Flame       ||    12
  Eat: Chunk             ||     3
Armor: Skin              ||     5
Dodge: Dodged            ||    19

Table legend:
 A = Non-vault XP
 B = Vault XP
 C = Vault XP percentage of total XP
 D = Non-vault monster count
 E = Vault monster count
 F = Vault count percentage of total count
                 A         B        C        D         E       F
            +---------+---------+-------+---------+---------+-------
      Total |      43 |      22 |  33.8 |      19 |       5 |  20.8
            +---------+---------+-------+---------+---------+-------
        D:1 |      20 |      14 |  41.2 |      12 |       1 |   7.7
        D:2 |      23 |       8 |  25.8 |       7 |       4 |  36.4
            +---------+---------+-------+---------+---------+-------
